 Dungeon Crawl Stone Soup version 0.24-a0-584-g9d6b971 (webtiles) character file.

Game seed: 13718008529965682953, levelgen mode: deterministic

217 Firecrotchwizard the Cudgeler (level 5, -3/33 HPs)
             Began as a Gargoyle Gladiator on Aug 31, 2019.
             Slain by a worker ant (5 damage)
             ... on level 4 of the Dungeon.
             The game lasted 00:04:38 (2682 turns).

Firecrotchwizard the Cudgeler (Gargoyle Gladiator)  Turns: 2682, Time: 00:04:39

Health: -3/33      AC: 10    Str: 18    XL:     5   Next: 94%
Magic:  5/5        EV: 12    Int:  9    God:
Gold:   131        SH:  0    Dex: 11    Spells: 4/4 levels left

rFire    . . .     SeeInvis .   a - +0 flail
rCold    . . .     Gourm    .   (no shield)
rNeg     + . .     Faith    .   i - +0 ring mail
rPois    ∞         Spirit   .   c - +0 helmet
rElec    +         Reflect  .   (no cloak)
rCorr    .         Harm     .   (no gloves)
MR       +....                  (no boots)
Stlth    +.........             (no amulet)
HPRegen  0.11/turn              y - ring of protection from magic {MR+, !d}
MPRegen  0.09/turn              (no ring)

@: no status effects
A: negative energy resistance 1, electricity resistance, unbreathing,
petrification resistance, rot immunity, AC +4
a: no special abilities


You were on level 4 of the Dungeon.
You were very hungry.

You visited 1 branch of the dungeon, and saw 4 of its levels.

You collected 131 gold pieces.

Inventory:

Hand Weapons
 a - a +0 flail (weapon)
Missiles
 d - 3 throwing nets {=f, !d}
Armour
 b - a +0 leather armour
 c - a +0 helmet (worn)
 i - a +0 ring mail (worn)
   (You found it on level 1 of the Dungeon)
Jewellery
 y - a ring of protection from magic (left hand) {MR+, !d}
   (You found it on level 3 of the Dungeon)
Scrolls
 e - 3 scrolls of remove curse {unknown}
 j - a scroll of noise {unknown}
 k - a scroll of blinking {unknown}
 l - a scroll of enchant weapon {unknown}
 m - 2 scrolls of immolation {unknown}
 s - a scroll of magic mapping {unknown}
 t - 2 scrolls of amnesia {unknown}
 u - a scroll of fear {unknown}
 v - 2 scrolls of enchant armour {unknown}
 w - 2 scrolls of identify {unknown}
Potions
 g - a potion of cancellation {unknown}
 h - a potion of mutation {unknown}
 n - 2 potions of brilliance {unknown}
 o - 2 potions of haste {unknown}
 q - 3 potions of heal wounds {unknown}
 r - a potion of ambrosia {unknown}
 x - 2 potions of flight {unknown}
 z - a potion of invisibility {unknown}
 A - a potion of magic {unknown}
Comestibles
 f - 5 rations


   Skills:
 + Level 3.6 Fighting
 * Level 4.7 Maces & Flails
 - Level 2.2 Throwing
 + Level 3.3 Dodging


You had 4 spell levels left.
You didn't know any spells.
Your spell library was empty.

Dungeon Overview and Level Annotations

Branches:
Dungeon (4/15)
 Temple: D:4-7

Altars:


Innate Abilities, Weirdness & Mutations

You are resistant to torment.
Your stone body is resilient. (AC +4)
You are immune to poison.
You resist negative energy. (rN+)
You are resistant to electric shocks. (rElec)
You can survive without breathing.
You are immune to petrification.
You are immune to rotting.


Message History

The orc priest mumbles some strange prayers to Beogh against you.
Beogh smites you!
* * * LOW HITPOINT WARNING * * *
Things that are here:
a +0 leather armour; an orc corpse You take 12 damage, and have 4/32 hp.
MASSIVE DAMAGE!!
The orc misses you.
The orc priest mumbles some strange prayers to Beogh against you.
You resist with some effort.
You hit the orc priest. The orc barely misses you.
Something hits you but does no damage.
The orc priest looks braver for a moment.
You thump the orc priest! The orc hits you but does no damage.
Something hits you but does no damage. The orc priest closely misses you.
You thump the orc priest!
You kill the orc priest!
The orc closely misses you. Something hits you but does no damage.
The orc hits you but does no damage.
Things that are here:
a +0 short sword; a silver javelin; an orc corpse You hit the orc.
Something hits you but does no damage. The orc hits you but does no damage.
You hit the orc but do no damage. Something hits you but does no damage.
The orc hits you but does no damage. Something hits you but does no damage.
You hit the orc but do no damage. The orc completely misses you.
Something hits you but does no damage.
You miss something. The orc completely misses you.
Something hits you but does no damage.
You are feeling very hungry.
You closely miss the orc. The orc completely misses you.
You closely miss the orc. The orc barely misses you.
You closely miss the orc. The orc barely misses you.
You closely miss something.
You hear some strange, mumbled words.
A magic dart appears from out of thin air!
The magic dart hits you but does no damage.
You sock something!
You hear some strange, mumbled words.
Something tries to affect you, but you resist.
You sock something! Something hits you but does no damage.
You miss something. Something hits you but does no damage.
A worker ant comes into view.
You barely miss something.
The worker ant twitches its antennae in your direction.
Something hits you but does no damage.
You miss something. Something hits you but does no damage.
You closely miss something. Something hits you.
* * * LOW HITPOINT WARNING * * *
Something hits you but does no damage.
You take 3 damage, and have 3/32 hp.
You barely miss something. Something hits you.
* * * LOW HITPOINT WARNING * * *
The worker ant barely misses you.
You take 1 damage, and have 2/32 hp.
You closely miss something.
An orc wizard appears from thin air!
Reactivating autopickup.
The orc wizard hits you but does no damage.
The worker ant barely misses you.
You hit the orc wizard.
You kill the orc wizard!
The worker ant bites you but does no damage.
You closely miss the orc.
The worker ant bites you but does no damage.
The orc closely misses you.
The worker ant bites you but does no damage.
The orc closely misses you.
You hit the orc but do no damage. The worker ant barely misses you.
The orc hits you but does no damage.
You barely miss the orc. The worker ant closely misses you.
The orc barely misses you.
You barely miss the orc. The worker ant barely misses you.
The orc barely misses you.
The worker ant bites you but does no damage.
You hit the orc but do no damage.
The worker ant bites you but does no damage.
The orc closely misses you.
You closely miss the orc. The worker ant barely misses you.
The orc hits you but does no damage.
The worker ant bites you but does no damage.
You hit the worker ant but do no damage.
The orc misses you.
The worker ant bites you but does no damage.
The orc barely misses you.
You closely miss the worker ant. The worker ant barely misses you.
The orc closely misses you.
You sock the worker ant! The worker ant closely misses you.
The orc hits you but does no damage.
The worker ant bites you but does no damage.
Your ring mail prevents you from hitting the worker ant.
The worker ant bites you but does no damage.
The orc misses you.
You hit the worker ant but do no damage.
The worker ant misses you. The orc hits you.
* * * LOW HITPOINT WARNING * * *
The worker ant closely misses you.
You take 2 damage, and have 2/33 hp.
You barely miss the worker ant. The orc hits you but does no damage.
The worker ant bites you.
You die...

#.## #... #... #...
.. #... #####+###..
#... #.......#.#
#...##.......#.#
#...@o.[.....#.#
#..a####....##.#+##
##.. +..........#
#.# #..........###
#. ##.....<......
#. #...........#. .
.............# .
.............##
.......#.......


You could see a worker ant and an orc.

Vanquished Creatures
  A hound (D:2)
  An orc priest (D:4)
  An orc wizard (D:4)
  4 adders
  3 oozes
  2 worms (D:3)
  3 dart slugs (D:1)
  A leopard gecko (D:1)
  An orc (D:4)
  10 bats
  5 giant cockroaches
  8 goblins
  10 hobgoblins
  3 jackals (D:1)
  4 kobolds
  A quokka (D:2)
  2 ball pythons
  5 frilled lizards
  6 rats
71 creatures vanquished.

Notes
Turn   | Place    | Note
-------+----------+-------------------------------------------
     0 | D:1      | Firecrotchwizard the Gargoyle Gladiator began the quest for
                  | the Orb.
     0 | D:1      | Reached XP level 1. HP: 12/12 MP: 1/1
     6 | D:1      | Noticed a vampire
    11 | D:1      | Noticed a draconian
    14 | D:1      | Noticed a naga
    19 | D:1      | Noticed a minotaur
    21 | D:1      | Noticed a spriggan
   118 | D:1      | Reached XP level 2. HP: 16/18 MP: 2/2
   120 | D:1      | Reached skill level 2 in Throwing
   293 | D:1      | Reached XP level 3. HP: 19/22 MP: 3/3
   925 | D:2      | Reached skill level 3 in Fighting
   925 | D:2      | Reached XP level 4. HP: 12/28 MP: 4/4
  1149 | D:2      | Reached skill level 3 in Dodging
  1169 | D:2      | Reached skill level 4 in Maces & Flails
  1374 | D:2      | Reached XP level 5. HP: 32/32 MP: 5/5
  2647 | D:4      | HP: 4/32 [orc priest/divine providence (12)]
  2667 | D:4      | HP: 3/32 [something (3)]
  2681 | D:4      | HP: 2/33 [orc (2)]
  2682 | D:4      | Slain by a worker ant

Levels and vault maps discovered:
D:1:      shiori_arrival_whats_in_store_for_you, layout_rooms,
          lemuel_flame_loot_1
D:2:      kennysheep_six_static_rooms, layout_loops_ring
D:3:      layout_basic, nicolae_underground_beach
D:4:      layout_basic, serial_shops, shop_fountains, minivault_26

Skill      XL: |  1  2  3  4 |
---------------+-------------+-----
Throwing       | 2 |  2.2
Fighting       | 3 |  3.6
Dodging        | 3 |  3.3
Maces & Flails | 4 |  4.7

Action                   |  1- 3 |  4- 6 || total
-------------------------+-------+-------++-------
Melee: Flail             |   116 |   171 ||   287
Throw: Javelin           |       |     2 ||     2
  Eat: Chunk             |       |     5 ||     5
Armor: Leather armour    |    41 |       ||    41
       Ring mail         |    21 |   100 ||   121
Dodge: Dodged            |    85 |   134 ||   219

Table legend:
 A = Non-vault XP
 B = Vault XP
 C = Vault XP percentage of total XP
 D = Non-vault monster count
 E = Vault monster count
 F = Vault count percentage of total count
                 A         B        C        D         E       F
            +---------+---------+-------+---------+---------+-------
      Total |     300 |      10 |   3.2 |      65 |       6 |   8.5
            +---------+---------+-------+---------+---------+-------
        D:1 |      68 |       0 |   0.0 |      33 |       0 |   0.0
        D:2 |      95 |      10 |   9.5 |      16 |       6 |  27.3
        D:3 |      57 |       0 |   0.0 |      13 |       0 |   0.0
        D:4 |      80 |       0 |   0.0 |       3 |       0 |   0.0
            +---------+---------+-------+---------+---------+-------

Levels and vault maps discovered:
D:1:      shiori_arrival_whats_in_store_for_you, layout_rooms,
          lemuel_flame_loot_1
D:2:      kennysheep_six_static_rooms, layout_loops_ring
D:3:      layout_basic, nicolae_underground_beach
D:4:      layout_basic, serial_shops, shop_fountains, minivault_26

Table legend:
 A = Turns spent in this place as a percentage of turns spent in the entire game.
 B = Non-inter-level travel turns spent in this place as a percentage of non-inter-level travel turns spent in the entire game.
 C = Inter-level travel turns spent in this place as a percentage of turns spent in this place.
 D = Turns resting spent in this place as a percentage of non-inter-level travel turns spent in this place.
 E = Turns spent auto-exploring this place as a percentage of non-inter-level travel turns spent in this place.
 F = Non-inter-level travel turns spent in this place divided by the number of levels of this place that you've seen.
                   A       B       C       D       E      F
               +-------+-------+-------+-------+-------+----------------------
         Total | 100.0 | 100.0 |   5.3 |  18.0 |  62.2 | 635.0
       Dungeon | 100.0 | 100.0 |   5.3 |  18.0 |  62.2 | 635.0
               +-------+-------+-------+-------+-------+----------------------

Table legend:
 A = Kills in this place as a percentage of kills in entire the game.
 B = Kills by you in this place as a percentage of kills by you in the entire game.
 C = Kills by friends in this place as a percentage of kills by friends in the entire game.
 D = Other kills in this place as a percentage of other kills in the entire game.
 E = Experience gained in this place as a percentage of experience gained in the entire game.
 F = Experience gained in this place divided by the number of levels of this place that you have seen.
                   A       B       C       D       E      F
               +-------+-------+-------+-------+-------+----------------------
         Total | 100.0 | 100.0 |   N/A |   N/A | 100.0 |  77.5
       Dungeon | 100.0 | 100.0 |   N/A |   N/A | 100.0 |  77.5
               +-------+-------+-------+-------+-------+----------------------
